 Dungeon Crawl Stone Soup version 0.30.0-29-ga12c61a403 (webtiles) character file.

Game seed: 7526863453355268749

114 Graphine the Conjurer (level 5, -4/35 HPs)
             Began as a Human Conjurer on June 21, 2023.
             Was an Initiate of Vehumet.
             Killed by divine providence
             ... invoked by an orc priest
              (14 damage)
             ... on level 3 of the Dungeon.
             The game lasted 00:03:57 (2710 turns).

Graphine the Conjurer (Human Conjurer)              Turns: 2710, Time: 00:03:58

Health: -4/35      AC:  2    Str:  7    XL:     5   Next: 19%
Magic:  2/9        EV: 12    Int: 20    God:    Vehumet [......]
Gold:   134        SH:  0    Dex: 12    Spells: 6/9 levels left

rFire   . . .        m - +4 flail (protect)
rCold   . . .        (no shield)
rNeg    . . .        a - +0 robe
rPois   .            (no helmet)
rElec   .            (no cloak)
rCorr   .            (no gloves)
SInv    .            (no boots)
Will    .....        (no amulet)
Stlth   ++           (no ring)
HPRegen 0.25/turn    (no ring)
MPRegen 0.11/turn

%: no passive effects
@: no status effects
A: no striking features
a: Renounce Religion


You were on level 3 of the Dungeon.
You worshipped Vehumet.
Vehumet was noncommittal.
You visited 1 branch of the dungeon, and saw 3 of its levels.

You collected 134 gold pieces.

Inventory:

Hand Weapons
 c - a +0 dagger
 m - a +4 flail of protection (weapon)
Armour
 a - a +0 robe (worn)
 j - a scarf of shadows
Jewellery
 k - an amulet of guardian spirit
 q - a ring of positive energy
Scrolls
 l - a scroll of brand weapon {unknown}
 o - a scroll of enchant armour {unknown}
 p - a scroll of noise {unknown}
Potions
 b - a potion of degeneration {unknown}
 d - a potion of berserk rage
 e - a potion of curing {unknown}
 f - a potion of might {unknown}
 g - 3 potions of flight {unknown}
 h - a potion of heal wounds {unknown}
 i - 2 potions of mutation {unknown}
 n - a potion of attraction {unknown}


   Skills:
 + Level 2.9 Dodging
 + Level 3.1 Stealth
 + Level 2.8 Spellcasting
 + Level 4.5 Conjurations


You had 6 spell levels left.
You knew the following spells:

 Your Spells              Type           Power      Damage    Failure   Level
a - Magic Dart            Conj           84%        1d7       2%          1
b - Searing Ray           Conj           42%        2d6       3%          2

Your spell library contained the following spells:

 Spells                   Type           Power      Damage    Failure   Level
 Dazzling Flash           Conj/Hex       24%        N/A       17%         3
 Fulminant Prism          Conj/Hex       6%         3d6       50%         4
 Iskenderun's Mystic Bla  Conj/Tloc      12%        2d5       50%         4


Dungeon Overview and Level Annotations

Branches:
Dungeon (3/15)

Altars:
Ashenzari
Vehumet


Message History

An orc priest comes into view. It is wielding a +0 falchion.
The magic dart hits the orc but does no damage.
The magic dart hits the orc.
The orc is lightly wounded.
The orc priest invokes the aid of Beogh against you.
Beogh smites you!
Casting: Magic Dart (safe; 2% risk of failure)
Confirm with . or Enter, or press ? or * to list all spells.
You can't see any susceptible monsters within range! (Use Z to cast anyway.)
The orc priest invokes the aid of Beogh against you.
Beogh smites you!
Casting: Magic Dart (safe; 2% risk of failure)
Confirm with . or Enter, or press ? or * to list all spells.
Aiming: Searing Ray (safe; 3% risk of failure)
Press: ? - help, Shift-Dir - straight line, f - orc priest, p - orc
Aim: an orc priest, wielding a +0 falchion and wearing a +0 chain mail (84% to hit)
The searing ray hits the orc.
The orc is moderately wounded.
The searing ray hits the orc priest.
The orc priest is moderately wounded. (Press . to maintain the ray.)
An orc comes into view. It is wielding a +0 trident.
The orc hits you with a +0 war axe.
* * * LOW HITPOINT WARNING * * *
The searing ray misses the orc.
The searing ray hits the orc priest!
The orc priest is almost dead.
The orc misses you.
The searing ray hits the orc!
You kill the orc!
Vehumet accepts your kill.
The searing ray hits the orc priest but does no damage.
The orc priest is almost dead.
The orc priest begins to cast a cantrip, but forgets the words!
The searing ray hits the orc priest but does no damage.
The orc priest is almost dead.
The searing ray hits the orc but does no damage.
You finish channelling your searing ray.
The orc priest invokes the aid of Beogh against you.
Beogh smites you!
You die...

..# #............#.##.#...# .#
..# #............#.##.#...# ..
..# ##...........#.##.#...# ##
..# #.#####.....#.##.#...# ..#
#..## #.#...#.##.# ..#
##..###..........## ..#
##..##.#.#.......#
..#########.##.....#.##..########
..##...#.##..###@#.#.....##......
.........###..##)#.####..##.####.
##..............o.......###.#....
.......#.####o##.#..........#.###
##.....#......##o####.......#.###
.......#.....o.#o.......##.......
.......'........######..##.#.....
..####.#........o................
..'..#.#####.o.......#..#..###...


You could see an orc priest and 2 orcs.

Vanquished Creatures
  Terence (D:3)
  An adder (D:2)
  An ufetubus (D:2)
  2 worms
  2 dart slugs
  2 orcs (D:3)
  11 bats
  7 endoplasms
  2 giant cockroaches
  3 goblins
  5 hobgoblins
  2 quokkas
  8 ball pythons
  4 frilled lizards
  7 kobolds
  4 rats (D:1)
62 creatures vanquished.

Notes
Turn   | Place    | Note
-------+----------+-------------------------------------------
     0 | D:1      | Graphine the Human Conjurer began the quest for the Orb.
     0 | D:1      | Reached XP level 1. HP: 13/13 MP: 3/3
   196 | D:1      | Reached XP level 2. HP: 19/19 MP: 0/5
   348 | D:1      | Learned a level 2 spell: Searing Ray
   538 | D:1      | Reached XP level 3. HP: 24/24 MP: 3/6
  1221 | D:2      | Found a broken altar of Ashenzari.
  1232 | D:2      | Reached XP level 4. HP: 30/30 MP: 0/7
  1533 | D:2      | Found a faded altar of an unknown god.
  2049 | D:3      | Noticed Terence
  2066 | D:3      | Killed Terence
  2067 | D:3      | Reached XP level 5. HP: 32/35 MP: 1/9
  2659 | D:3      | Found a radiant altar of Vehumet.
  2674 | D:3      | Became a worshipper of Vehumet
  2710 | D:3      | Killed from afar by an orc priest

Illustrated notes

Levels and vault maps discovered:
D:1:      minmay_arrival_cross, layout_basic, chequers_serial_rivers_marsh,
          serial_bayou_pond_c
D:2:      layout_loops_ring, basic_altar,
          hellmonk_ecumenical_altar_leap_of_faith
D:3:      layout_basic, nicolae_vehumet_radiance,
          gammafunk_temple_overflow_forgotten, uniq_terence

Skill      XL: |  1  2  3  4 |
---------------+-------------+-----
Stealth        | 3 |  3.1
Dodging        | |  2.9
Spellcasting   | |  2.8
Conjurations   | |  4.5

Action                     |  1- 3 |  4- 6 || total
---------------------------+-------+-------++-------
  Melee: Dagger            |    17 |    17 ||    34
         Unarmed           |     9 |       ||     9
   Cast: Magic Dart        |    57 |    55 ||   112
         Searing Ray       |     2 |     4 ||     6
    Use: Scroll            |     2 |       ||     2
         Potion            |       |     2 ||     2
   Stab: Sleeping          |     1 |       ||     1
 Armour: Robe              |     7 |     5 ||    12
  Dodge: Dodged            |    23 |    18 ||    41
